 Dungeon Crawl Stone Soup version 0.23.2-33-g5129a83 (webtiles) character file.

Game seed: 5067730926806752964

114 Aphrodieselac the Charmwright (level 4, 0/33 HPs)
             Began as a Merfolk Skald on Aug 7, 2019.
             Slain by a centaur skeleton (5 damage)
             ... on level 4 of the Dungeon.
             The game lasted 00:16:32 (3102 turns).

Aphrodieselac the Charmwright (Merfolk Skald)       Turns: 3102, Time: 00:16:33

Health: 0/33       AC:  4    Str: 11    XL:     4   Next: 97%
Magic:  1/7        EV: 12    Int: 13    God:
Gold:   113        SH:  0    Dex: 13    Spells: 2/7 levels left

rFire    + . .     SeeInvis .   a - +0 spear
rCold    . . .     Gourm    .   (no shield)
rNeg     . . .     Faith    .   b - +1 leather armour
rPois    .         Spirit   .   (no helmet)
rElec    .         Reflect  .   (no cloak)
rCorr    .         Harm     .   (no gloves)
MR       .....                  (no boots)
Stlth    +.........             (no amulet)
HPRegen  0.11/turn              f - ring of protection from fire
MPRegen  0.10/turn              (no ring)

@: infused
A: change form in water, swift swim, stealthy swim
a: no special abilities


You were on level 4 of the Dungeon.
You were not hungry.

You visited 1 branch of the dungeon, and saw 4 of its levels.

You collected 113 gold pieces.

Inventory:

Hand Weapons
 a - a +0 spear (weapon)
 j - a -3 blowgun
Missiles
 g - 27 poisoned needles
Armour
 b - a +1 leather armour (worn)
Jewellery
 f - a ring of protection from fire (left hand)
Scrolls
 c - 2 scrolls of teleportation
 l - a scroll of amnesia
 n - a scroll of remove curse
 p - a scroll of identify
 q - a scroll of enchant weapon {unknown}
 r - a scroll of fear
 s - a scroll of immolation {unknown}
Potions
 e - a potion of flight {unknown}
 i - a potion of cancellation
 k - 2 potions of mutation {unknown}
 m - a potion of invisibility
 o - a potion of haste {unknown}
Comestibles
 d - 10 rations


   Skills:
 - Level 2.1 Fighting
 + Level 4.7 Polearms
 - Level 0.6 Armour
 - Level 2.6 Dodging
 - Level 2.0 Spellcasting
 * Level 5.3 Charms


You had 2 spell levels left.
You knew the following spells:

 Your Spells              Type           Power        Failure   Level  Hunger
a - Infusion              Chrm           ###.         3%          1    ##.....
b - Song of Slaying       Chrm           ###.....     6%          2    ###....
c - Shroud of Golubria    Chrm/Tloc      #.........   17%         2    ###....

Your spell library contained the following spells:

 Spells                   Type           Power        Failure   Level  Hunger
 Regeneration             Chrm/Necr      #.........   34%         3    ####...
 Spectral Weapon          Hex/Chrm       #.......     34%         3    ####...


Dungeon Overview and Level Annotations

Branches:
Dungeon (4/15)
 Temple: D:4-7

Altars:
Xom
Yredelemnul

Annotations:
D:3 Sigmund


Message History

Attack whom?
Press: ? - help, Dir - move target cursor, f/p - ogre
Aim: an ogre, wielding a +0 giant spiked club (almost dead)
The centaur skeleton is in the way.
You hit the centaur skeleton.
The centaur skeleton is heavily damaged.
The centaur skeleton closely misses you.
Attack whom?
Press: ? - help, Dir - move target cursor, f/p - ogre
Aim: an ogre, wielding a +0 giant spiked club (almost dead)
The centaur skeleton is in the way.
You hit the centaur skeleton.
The centaur skeleton is heavily damaged.
The centaur skeleton hits you.
* * * LOW HITPOINT WARNING * * *
The centaur skeleton hits you but does no damage.
You see here a scroll of random uselessness.
The centaur skeleton hits you but does no damage.
The centaur skeleton misses you.
The centaur skeleton hits you but does no damage.
The centaur skeleton hits you.
You die...

.........# #.##.##.#
##.#.###.# #.......#
#..<..##.# #.......#
#..#..##.####.##.##.#
#.#................##.#
#......########.#####.#
######.# #...........#
#.# #....O####### #@#
#.....##...## #Z#
#........#.#. #.#
#.....##...#. #O#
#.....###.##. #####.#
#.....# #.#..
##...#.########## #..##
#.........# #..#
#......##O##########.#
#.....#....?.......##.


You could see an ogre and a centaur skeleton.

Vanquished Creatures
  2 adders (D:2)
  3 oozes
  A dart slug (D:2)
  5 leopard geckos
  4 orcs (D:3)
  A ball python (D:2)
  6 bats
  A giant cockroach (D:3)
  7 goblins
  4 hobgoblins
  9 jackals (D:2)
  8 kobolds
  3 quokkas
  4 frilled lizards
  8 rats
  A spectral orc (D:2)
67 creatures vanquished.

Notes
Turn   | Place    | Note
-------+----------+-------------------------------------------
     0 | D:1      | Aphrodieselac the Merfolk Skald began the quest for the
                  | Orb.
     0 | D:1      | Reached XP level 1. HP: 16/16 MP: 3/3
    58 | D:1      | Reached XP level 2. HP: 22/22 MP: 0/5
   197 | D:1      | Reached skill level 4 in Charms
   244 | D:1      | Reached XP level 3. HP: 17/27 MP: 0/6
   248 | D:1      | Learned a level 2 spell: Song of Slaying
  1223 | D:2      | Noticed an ogre
  1252 | D:2      | Reached XP level 4. HP: 32/33 MP: 1/7
  1482 | D:2      | Found a basalt altar of Yredelemnul.
  1582 | D:2      | Reached skill level 5 in Charms
  1974 | D:3      | Found a shimmering altar of Xom.
  2174 | D:3      | Noticed Sigmund
  2554 | D:3      | Learned a level 2 spell: Shroud of Golubria
  2749 | D:4      | Noticed an ogre
  3102 | D:4      | Slain by a centaur skeleton

Skill      XL: |  1  2  3  4 |
---------------+-------------+-----
Charms         | 4 5 |  5.3
Polearms       | 4 |  4.7
Fighting       | |  2.1
Armour         | |  0.6
Dodging        | |  2.6
Spellcasting   | |  2.0

Action                   |  1- 3 |  4- 6 || total
-------------------------+-------+-------++-------
Melee: Spear             |   122 |   147 ||   269
 Fire: Blowgun           |       |     5 ||     5
 Cast: Infusion          |     7 |     4 ||    11
       Song of Slaying   |     3 |     1 ||     4
       Shroud of Golubri |       |     1 ||     1
  Use: Scroll            |       |     8 ||     8
 Stab: Sleeping          |       |     2 ||     2
       Distracted        |       |     1 ||     1
  Eat: Chunk             |     1 |     7 ||     8
Armor: Leather armour    |    24 |    28 ||    52
Dodge: Dodged            |    53 |    68 ||   121
